 Dungeon Crawl Stone Soup version 0.22-a0-274-gf8199ec (webtiles) character file.

6460 Amnesiac the Destroyer (level 10, -1/63 HPs)
             Began as a Deep Elf Wizard on Mar 15, 2018.
             Was a Priest of Sif Muna.
             Splashed by Harold's acid (16 damage)
             ... on level 10 of the Dungeon.
             The game lasted 00:20:05 (11646 turns).

Amnesiac the Destroyer (Deep Elf Wizard)           Turns: 11646, Time: 00:20:06

Health: -1/63      AC:  4    Str:  6    XL:     10   Next: 67%
Magic:  22/25      EV: 16    Int: 27    God:    Sif Muna [***...]
Gold:   423        SH:  0    Dex: 13    Spells: 12/28 levels left

rFire    + . .     SeeInvis .   x - +3 dagger (drain)
rCold    x . .     Gourm    +   (no shield)
rNeg     . . .     Faith    .   a - +0 robe
rPois    .         Spirit   .   s - +1 helmet
rElec    .         Reflect  .   (no cloak)
rCorr    .         Harm     .   (no gloves)
MR       +....                  (no boots)
Stlth    ++........             y - amulet of the gourmand
HPRegen  0.20/turn              z - ring of fire
MPRegen  0.19/turn              (no ring)

@: divine energy
A: strong 1, wild magic 1
a: Stop Divine Energy, Channel Magic, Renounce Religion


You were on level 10 of the Dungeon.
You worshipped Sif Muna.
Sif Muna was most pleased with you.
You were very full.

You visited 2 branches of the dungeon, and saw 11 of its levels.

You collected 423 gold pieces.

Inventory:

Hand Weapons
 x - a +3 dagger of draining (weapon)
Armour
 a - a +0 robe (worn)
 s - a +1 helmet (worn)
Jewellery
 y - an amulet of the gourmand (around neck)
 z - a ring of fire (left hand)
Wands
 f - a wand of flame (32)
 j - a wand of enslavement (12)
 m - a wand of clouds (6)
 r - a wand of iceblast (11)
 w - a wand of paralysis (9)
Scrolls
 b - a scroll of fear {!r}
 c - 5 scrolls of remove curse {!r}
 e - a scroll of amnesia {!r}
 i - 4 scrolls of teleportation {!r}
 k - 2 scrolls of magic mapping {!r}
 v - a scroll of enchant armour {!r}
Potions
 g - a potion of mutation {!q}
 h - 2 potions of agility {!q}
 l - a potion of brilliance {!q, unknown}
 n - a potion of might {!q}
 o - a potion of invisibility {!q}
 p - a potion of haste {!q}
 q - 3 potions of lignification {!q}
 t - a potion of curing {!q}
 C - a potion of magic {!q}
Comestibles
 d - 20 rations


   Skills:
 - Level 7.6 Fighting
 - Level 7.5 Dodging
 - Level 2.4 Stealth
 + Level 9.7 Spellcasting
 * Level 11.0 Conjurations
 - Level 1.1 Summonings
 - Level 1.1 Translocations


You had 12 spell levels left.
You knew the following spells:

 Your Spells              Type           Power        Failure   Level  Hunger
a - Magic Dart            Conj           ####         1%          1    None
b - Call Imp              Summ           ###.....     7%          2    None
d - Lightning Bolt        Conj/Air       ######....   19%         5    ####...
e - Mephitic Cloud        Conj/Pois/Air  #####...     5%          3    None
s - Conjure Flame         Conj/Fire      ######..     2%          3    None
v - Blink                 Tloc           N/A          7%          2    None


Dungeon Overview and Level Annotations

Branches:
Dungeon (10/15)            Temple (1/1) D:6
   Lair: D:8-11         Orc: D:9-12

Altars:
Ashenzari
Dithmenos
Elyvilon
Fedhas
Gozag
Hepliaklqana
Kikubaaqudgha
Okawaru
Sif Muna
Uskayaw
Vehumet
Wu Jian
Xom
Yredelemnul

Shops:
D:7 ?

Annotations:
D:10 Amnesiac's ghost, journeyman DEWz; Harold


Innate Abilities, Weirdness & Mutations

Your muscles are strong. (Str +2)
Your spells are a little harder to cast, but a little more powerful.


Message History

You feel as if something is helping you.
Drop what? 26/52 slots (_ for help) (? for menu, Esc to quit)
You remove your ring of teleportation.
You drop an uncursed ring of teleportation.
l - a fuming golden potion {!q}
d - 20 rations (gained 1)
A hippogriff comes into view.
The hippogriff screeches!
You hear a shout! x2
A hippogriff is nearby!
Casting: Magic Dart (safe; 1% risk of failure)
Confirm with . or Enter, or press ? or * to list all spells.
Aiming: Conjure Flame (safe; 2% risk of failure)
Press: ? - help, Dir - move target cursor The fire ignites!
Found a golden potion.
You hit the hippogriff. You drain the hippogriff!
The hippogriff is lightly wounded.
The hippogriff is engulfed in blazing flames.
The hippogriff misses you.
The hippogriff pecks you but does no damage.
The hippogriff completely misses you.
You hit the hippogriff. You drain the hippogriff!
The hippogriff is severely wounded.
The hippogriff is engulfed in blazing flames.
You kill the hippogriff!
Sif Muna accepts your kill.
Your Conjurations skill increases to level 11!
A worker ant comes into view.
The worker ant moves out of view.
Harold the Weathered comes into view.
He is wielding a glaive.
A worker ant zombie comes into view.
The worker ant zombie waves its antennae.
Harold throws a throwing net.
The throwing net barely misses you. Harold gestures at you while chanting.
The bolt of fire hits you!
You hear a shout! x2
Harold throws a throwing net.
The throwing net closely misses you.
You see here a throwing net.
There is a stone staircase leading up here.
There is a stone staircase leading up here.
Put on which piece of jewellery? (? for menu, Esc to quit)
You feel more attuned to fire.
z - a ring of fire (left hand) Harold zaps a wand.
The bolt of acid hits you!
You are splashed with acid!
The acid burns!
It is a wand of acid (7).
Harold hits you from afar with a glaive.
Casting: Conjure Flame (safe; 2% risk of failure)
Confirm with . or Enter, or press ? or * to list all spells.
Aiming: Mephitic Cloud (safe; 5% risk of failure)
Press: ? - help, Shift-Dir - straight line, f - Harold
Aim: Harold, wielding a glaive, wearing a ring mail and carrying a wand of acid (7)
The ball explodes into a vile cloud!
The stinking cloud engulfs Harold.
You hear a shout!
Really walk into that cloud of noxious fumes?
Okay, then.
Unknown command.
Harold is engulfed in noxious fumes.
Harold hits you with a glaive.
You barely miss Harold.
Harold is lightly wounded.
Harold is engulfed in noxious fumes.
Harold zaps a wand.
The bolt of acid hits you!
* * * LOW HITPOINT WARNING * * *
You are splashed with acid!
The acid burns!
You die...

#### ###..#(.##
.....##...##...#
#....####.Z.##########
#####...####..#........#
.......................#
....##......).........=#
##.. #........§#########
#.#.....)..#..@§# .
###......#.§@§# .#
#.)....#....#
#......#....#
########....# #...<#
#....# ######


You could see Harold and a worker ant zombie (wandering).

Vanquished Creatures
  A two-headed ogre (D:9)
  A troll (D:9)
  2 hippogriffs
  Sigmund (D:2)
  5 yaks (D:9)
  A hungry ghost (D:9)
  Menkaure (D:7)
  Duvessa (D:4)
  2 orc warriors
  3 sky beasts (D:7)
  2 ice beasts
  2 phantoms
  An ogre (D:9)
  2 centaurs (D:9)
  A big kobold (D:9)
  6 bullfrogs
  Dowan (D:4)
  2 scorpions
  10 killer bees
  3 vampire bats
  A howler monkey (D:5)
  2 crimson imps
  2 bullfrog zombies
  4 hounds
  A quasit (D:8)
  2 bullfrog skeletons (D:4)
  8 orc priests
  4 centaur skeletons
  Jessica (D:2)
  Natasha (thrice) (D:2)
  2 iguanas
  11 orc wizards
  7 worker ants
  A killer bee zombie (D:7)
  A hound skeleton (D:7)
  A hound zombie (D:6)
  A worker ant zombie (D:5)
  A gnoll (D:2)
  9 adders
  3 shadow imps
  2 oozes
  An adder skeleton (D:7)
  4 worms
  3 dart slugs
  4 leopard geckos
  52 orcs
  2 ball pythons
  10 bats
  2 bat skeletons (D:4)
  5 bat zombies (D:4)
  4 giant cockroaches
  13 goblins
  12 hobgoblins
  10 jackals
  13 kobolds
  7 quokkas
  5 frilled lizards
  A jackal zombie (D:5)
  2 leopard gecko skeletons
  A quokka skeleton (D:6)
  7 rats
273 creatures vanquished.

Vanquished Creatures (collateral kills)
  Edmund (D:4)
  An ice beast (D:5)
  A killer bee (D:8)
  An orc wizard (D:5)
  2 gnolls (D:2)
  An orc (D:5)
7 creatures vanquished.

Vanquished Creatures (others)
  5 fungi (D:10)
  A plant (D:10)
6 creatures vanquished.

Grand Total: 286 creatures vanquished

Notes
Turn   | Place    | Note
-------+----------+-------------------------------------------
     0 | D:1      | Amnesiac the Deep Elf Wizard began the quest for the Orb.
     0 | D:1      | Reached XP level 1. HP: 10/10 MP: 7/7
   199 | D:1      | Reached skill level 1 in Fighting
   199 | D:1      | Reached XP level 2. HP: 16/16 MP: 5/9
   228 | D:1      | Learned a level 2 spell: Blink
   231 | D:1      | Learned a level 2 spell: Call Imp
   565 | D:1      | Reached skill level 2 in Conjurations
   565 | D:1      | Reached XP level 3. HP: 21/21 MP: 7/11
   570 | D:1      | Learned a level 3 spell: Conjure Flame
   574 | D:1      | Learned a level 3 spell: Mephitic Cloud
   699 | D:2      | Noticed Natasha
   709 | D:2      | Killed Natasha
   968 | D:2      | Reached XP level 4. HP: 26/27 MP: 0/12
  1436 | D:2      | Noticed Sigmund
  1464 | D:2      | Killed Sigmund
  1464 | D:2      | Reached skill level 3 in Conjurations
  1464 | D:2      | Reached XP level 5. HP: 17/32 MP: 1/13
  1645 | D:2      | Reached XP level 6. HP: 37/37 MP: 7/14
  1774 | D:2      | Noticed Natasha
  1778 | D:2      | Killed Natasha
  1956 | D:2      | Noticed Jessica
  1961 | D:2      | Killed Jessica
  2154 | D:2      | Noticed Natasha
  2160 | D:2      | Killed Natasha
  2542 | D:3      | Reached skill level 4 in Conjurations
  2640 | D:3      | Found a white marble altar of Elyvilon.
  3360 | D:4      | Reached XP level 7. HP: 43/44 MP: 5/15
  3470 | D:4      | Found an ancient bone altar of Kikubaaqudgha.
  4015 | D:4      | Reached skill level 5 in Fighting
  4099 | D:4      | Found an opulent altar of Gozag.
  4099 | D:4      | Noticed Edmund
  4209 | D:4      | Killed Edmund
  4209 | D:4      | Reached skill level 5 in Dodging
  4378 | D:4      | Noticed Duvessa
  4380 | D:4      | Noticed Dowan
  4395 | D:4      | Killed Duvessa
  4413 | D:4      | HP: 3/66 [crimson imp (3)]
  4415 | D:4      | Killed Dowan
  4456 | D:4      | Reached XP level 8. HP: 16/51 MP: 0/16
  5212 | D:5      | Entered Level 5 of the Dungeon
  5978 | D:5      | Found a shadowy altar of Dithmenos.
  6670 | D:6      | Found a shimmering altar of Xom.
  6773 | D:6      | Found a shattered altar of Ashenzari.
  7373 | D:6      | Found a blossoming altar of Fedhas.
  7373 | D:6      | Found an ornate altar of the Wu Jian Council.
  7375 | D:6      | Found an iron altar of Okawaru.
  7375 | D:6      | Found a white marble altar of Elyvilon.
  7375 | D:6      | Found a sacrificial altar of Ru.
  7609 | D:6      | Found a staircase to the Ecumenical Temple.
  7650 | D:6      | Reached XP level 9. HP: 57/57 MP: 8/17
  7766 | Temple   | Entered the Ecumenical Temple
  7772 | Temple   | Became a worshipper of Sif Muna the Loreminder
  7990 | D:7      | Gained mutation: Your spells are a little harder to cast, but a little more powerful. [potion of mutation]
  7990 | D:7      | Gained mutation: Your muscles are strong. (Str +2) [potion of mutation]
  8001 | D:7      | Reached skill level 5 in Conjurations
  8243 | D:7      | Found Malleac's Magic Scroll Boutique.
  8252 | D:7      | Reached skill level 5 in Spellcasting
  8460 | D:7      | Noticed Menkaure
  8468 | D:7      | Killed Menkaure
  8468 | D:7      | Reached skill level 6 in Conjurations
  8861 | D:7      | Reached * piety under Sif Muna
  9297 | D:8      | Reached skill level 7 in Conjurations
  9828 | D:9      | Reached skill level 8 in Conjurations
  9860 | D:9      | Reached ** piety under Sif Muna
  9913 | D:9      | Reached XP level 10. HP: 28/63 MP: 17/23
  9922 | D:9      | Reached skill level 9 in Conjurations
 10128 | D:9      | Found a hazy altar of Hepliaklqana.
 10258 | D:9      | Noticed a two-headed ogre
 10920 | D:9      | Reached *** piety under Sif Muna
 10960 | D:9      | Reached skill level 10 in Conjurations
 10974 | D:9      | Killed a two-headed ogre
 11402 | D:10     | Entered Level 10 of the Dungeon
 11409 | D:10     | Learned a level 5 spell: Lightning Bolt
 11535 | D:10     | Noticed Amnesiac's ghost (journeyman DEWz)
 11619 | D:10     | Reached skill level 11 in Conjurations
 11622 | D:10     | Noticed Harold
 11646 | D:10     | Splashed by Harold's acid

Vault maps used:
D:1:      evilmike_arrival_crescent
D:2:      uniq_jessica, uniq_natasha, uniq_sigmund
D:3:      elyvilon_altar_5
D:4:      kennysheep_vampire_church, chequers_big_river,
          grunt_gozag_breadcrumbs, uniq_edmund, uniq_duvessa
D:5:      nicolae_dithmenos_the_darkroom, first_ration, kennysheep_small_square
D:6:      kennysheep_little_box, temple_pool_b, doesnt_xom_only_xom
D:7:      serial_shops, shop, uniq_menkaure
D:8:      grunt_pizzeria, minmay_statues_item
D:9:      overflow_temple_1_default
D:10:     due_lair_maze_entry_diamond, serial_shops, shop, uniq_harold
Temple:   eino_narrow_crystal_temple

Skill      XL: |  1  2  3  4  5  6  7  8  9 10 |
---------------+-------------------------------+-----
Fighting       | 1 2 3 4 5 7 |  7.6
Conjurations   | 2 3 4 8 11 | 11.0
Dodging        | 3 4 5 7 |  7.5
Spellcasting   | 7 9 |  9.7
Stealth        | |  2.4
Summonings     | |  1.1
Translocations | |  1.1

Action                   |  1- 3 |  4- 6 |  7- 9 | 10-12 || total
-------------------------+-------+-------+-------+-------++-------
Melee: Spear             |    27 |    17 |    78 |       ||   122
       Unarmed           |       |       |    11 |       ||    11
       Dagger            |       |       |    76 |    84 ||   160
 Cast: Magic Dart        |    60 |   178 |   408 |   145 ||   791
       Mephitic Cloud    |       |     2 |    17 |    14 ||    33
       Call Imp          |       |     2 |     9 |     1 ||    12
       Conjure Flame     |       |       |    21 |     8 ||    29
       Blink             |       |       |     2 |     1 ||     3
       Lightning Bolt    |       |       |       |     5 ||     5
Invok: Divine Energy     |       |       |     1 |       ||     1
  Use: Scroll            |     3 |       |    14 |     4 ||    21
       Potion            |       |       |     5 |     1 ||     6
 Stab: Sleeping          |     2 |       |     1 |       ||     3
       Confused          |       |       |     1 |     2 ||     3
  Eat: Chunk             |       |     7 |    27 |    12 ||    46
Armor: Robe              |     4 |     3 |    60 |    21 ||    88
       Skin              |       |       |    23 |       ||    23
Dodge: Dodged            |    26 |    25 |   203 |   141 ||   395

Table legend:
 A = Spawn XP
 B = Non-spawn XP
 C = Spawn XP percentage of total XP
 D = Spawn monster count
 E = Non-spawn monster count
 F = Spawn count percentage of total count
 G = Total turns spent on level
                    A         B        C        D         E        F      G
               +---------+---------+-------+---------+---------+-------+---------
         Total |       0 |    9229 |   0.0 |       0 |     280 |   0.0 | 11646
               +---------+---------+-------+---------+---------+-------+---------
           D:1 |       0 |      43 |   0.0 |       0 |      24 |   0.0 |   687
           D:2 |       0 |     475 |   0.0 |       0 |      33 |   0.0 |  1553
           D:3 |       0 |     259 |   0.0 |       0 |      37 |   0.0 |  1182
           D:4 |       0 |     712 |   0.0 |       0 |      35 |   0.0 |  1790
           D:5 |       0 |     752 |   0.0 |       0 |      26 |   0.0 |  1372
           D:6 |       0 |     616 |   0.0 |       0 |      30 |   0.0 |  1378
           D:7 |       0 |    1134 |   0.0 |       0 |      26 |   0.0 |  1201
           D:8 |       0 |     810 |   0.0 |       0 |      15 |   0.0 |   916
           D:9 |       0 |    4096 |   0.0 |       0 |      49 |   0.0 |  1442
          D:10 |       0 |     332 |   0.0 |       0 |       5 |   0.0 |   112
               +---------+---------+-------+---------+---------+-------+---------
